 Dungeon Crawl Stone Soup version 0.28-a0-1087-gf3fc490d9d (webtiles) character file.

Game seed: 10035646241086298892

1131 leviel the Skirmisher (level 8, 0/71 HPs)
             Began as a Hill Orc Fighter on Dec 10, 2021.
             Was a Follower of the Shining One.
             Shot with an arrow by a centaur (10 damage)
             ... on level 7 of the Dungeon.
             The game lasted 00:07:13 (5168 turns).

leviel the Skirmisher (Hill Orc Fighter)            Turns: 5168, Time: 00:07:14

Health: 0/71       AC:  7    Str: 21    XL:     8   Next: 36%
Magic:  8/8        EV:  9    Int:  8    God:    the Shining One [*.....]
Gold:   188        SH:  5    Dex: 10    Spells: 7/7 levels left

rFire   . . .      SeeInvis .   a - +0 war axe
rCold   . . .      Faith    .   c - +0 buckler
rNeg    . . .      Spirit   .   b - +0 scale mail
rPois   .          Reflect  .   (no helmet)
rElec   .          Harm     .   (no cloak)
rCorr   .          Rampage  .   (no gloves)
Will    +....                   (no boots)
Stlth   ..........              j - amulet of regeneration
HPRegen 1.01/turn               i - ring of willpower
MPRegen 0.11/turn               (no ring)

@: glowing
A: no striking features
a: Renounce Religion, Divine Shield


You were on level 7 of the Dungeon.
You worshipped the Shining One.
The Shining One was aware of your devotion.
You visited 2 branches of the dungeon, and saw 8 of its levels.

You collected 338 gold pieces.
You spent 150 gold pieces at shops.

Inventory:

Hand Weapons
 a - a +0 war axe (weapon)
Missiles
 f - a throwing net
 m - 3 curare-tipped darts (quivered)
Armour
 b - a +0 scale mail (worn)
 c - a +0 buckler (worn)
Jewellery
 i - a ring of willpower (left hand)
 j - an amulet of regeneration (around neck)
 r - an amulet of the acrobat
Wands
 p - a wand of paralysis (7)
 t - a wand of polymorph (14)
Scrolls
 l - 2 scrolls of identify {@r1}
 o - a scroll of teleportation
Potions
 d - a potion of magic {unknown}
 e - a potion of curing {unknown}
 g - 2 potions of ambrosia {unknown}
 h - a potion of haste {unknown}
 k - a potion of brilliance {unknown}
 q - a potion of heal wounds {unknown}
 s - a potion of flight {unknown}


   Skills:
 + Level 6.8 Fighting
 + Level 6.7 Axes
 + Level 6.1 Armour
 + Level 6.2 Shields


You had 7 spell levels left.
You didn't know any spells.
Your spell library contained the following spells:

 Spells                   Type           Power      Damage    Failure   Level
 Shock                    Conj/Air       0%         1d3       73%         1
 Gell's Gravitas          Tloc           0%         N/A       97%         3
 Ozocubu's Armour         Ice            0%         N/A       97%         3
 Swiftness                Air            0%         N/A       97%         3
 Teleport Other           Tloc           0%         N/A       97%         3
 Airstrike                Air            0%         N/A       100%        4
 Metabolic Englaciation   Hex/Ice        0%         N/A       100%        5
 Dispersal                Tloc           0%         N/A       100%        6
 Simulacrum               Ice/Necr       0%         N/A       100%        6


Dungeon Overview and Level Annotations

Branches:
Dungeon (7/15)             Temple (1/1) D:5

Altars:
Ashenzari
Cheibriados
Dithmenos
Elyvilon
Hepliaklqana
Makhleb
Nemelex Xobeh
Okawaru
Qazlal
Ru
Trog
Uskayaw
Wu Jian
Xom
Yredelemnul
The Shining One

Shops:
D:1 *   D:2 :

Annotations:
D:6 Blork the orc, Maggie


Message History

You hit the yak.
The yak is moderately wounded.
You barely miss the adder. You block the adder's attack. The yak gores you.
You hit the yak but do no damage.
The yak is moderately wounded.
You hit the adder.
You hear the faint creaking of a distant portcullis.
The adder bites you. The yak gores you! You block the adder's attack.
You slash the yak!
The yak is heavily wounded.
You completely miss the adder. The adder closely misses you. The yak gores you!
You block the adder's attack.
You hit the yak but do no damage.
The yak is heavily wounded.
You completely miss the adder. The yak gores you but does no damage.
The adder bites you.
* * * LOW HITPOINT WARNING * * *
The yak gores you!
* * * LOW HITPOINT WARNING * * *
You slash the yak!
You kill the yak!
You hit the adder. The adder closely misses you. You block the adder's attack.
Your Armour skill increases to level 6!
You slash the adder!
You kill the adder!
As you read the scroll labelled FOUFUIXZECLE, it crumbles to dust.
You speak a Word of immense power!
It was a scroll of holy word.
You open the door.
You start resting.
A centaur comes into view.
The centaur shouts!
The centaur wields a +0 shortbow.
The centaur shoots an arrow.
The arrow hits you!
* * * LOW HITPOINT WARNING * * *
The centaur shoots an arrow.
You block the arrow.
The centaur shoots an arrow.
You block the arrow.
The centaur shoots an arrow.
The arrow hits you.
* * * LOW HITPOINT WARNING * * *
The centaur shoots an arrow.
The arrow hits you!
You die...

#.......# ....
#.......# .....
#.......#......
#...:...#.....#
#.......'.....#
#.......#.....#
#..†<...# ....#
#.......# ...#
#....@..# ..#
#.......# .#
#.......# #
#....c..#
#.......#
#.......#
#.......#
#.......#


You could see a centaur.

Vanquished Creatures
  A yak (D:7)
  2 black bears
  3 ogres (D:5)
  2 scorpions (D:5)
  A bullfrog (D:7)
  An orc priest (D:5)
  A hound (D:7)
  A jelly (D:5)
  Jessica (D:3)
  Natasha (thrice) (D:2)
  A killer bee zombie (D:5)
  A hound zombie (D:5)
  Robin (D:2)
  2 gnolls (D:1)
  A howler monkey zombie (D:4)
  An adder (D:7)
  A white imp (D:5)
  An ufetubus (D:4)
  2 adder skeletons (D:4)
  A worm (D:4)
  A dart slug (D:1)
  8 orcs
  6 endoplasms
  3 giant cockroaches
  13 goblins
  9 hobgoblins
  5 jackals
  5 quokkas
  8 ball pythons
  10 bats
  A frilled lizard (D:2)
  3 kobolds
  A quokka skeleton (D:4)
  7 rats
108 creatures vanquished.

Notes
Turn   | Place    | Note
-------+----------+-------------------------------------------
     0 | D:1      | leviel the Hill Orc Fighter began the quest for the Orb.
     0 | D:1      | Reached XP level 1. HP: 19/19 MP: 1/1
    86 | D:1      | Found a faded altar of an unknown god.
   290 | D:1      | Reached XP level 2. HP: 21/27 MP: 2/2
   499 | D:1      | Reached XP level 3. HP: 33/33 MP: 3/3
   726 | D:1      | Found Xeblojuig's Assorted Antiques.
   939 | D:2      | Found Gyagg's Book Boutique.
  1174 | D:2      | Noticed Robin
  1446 | D:1      | HP: 1/33 [poisoned by a goblin]
  1840 | D:1      | Reached XP level 4. HP: 37/41 MP: 4/4
  1846 | D:2      | Killed Robin
  2068 | D:2      | Noticed Natasha
  2076 | D:2      | Killed Natasha
  2235 | D:2      | Noticed Natasha
  2243 | D:2      | Killed Natasha
  2244 | D:2      | Reached XP level 5. HP: 41/47 MP: 5/5
  2267 | D:2      | Noticed Natasha
  2281 | D:2      | Killed Natasha
  2501 | D:1      | Bought a runed sapphire amulet for 150 gold pieces
  2583 | D:3      | Noticed Jessica
  2590 | D:3      | Killed Jessica
  2670 | D:3      | Found a glowing golden altar of the Shining One.
  2673 | D:3      | Became a worshipper of the Shining One
  2767 | D:3      | Found a broken altar of Ashenzari.
  2773 | D:3      | Found a hide-covered altar of Uskayaw.
  2774 | D:3      | Found a shadowy altar of Dithmenos.
  2774 | D:3      | Found a stormy altar of Qazlal.
  3041 | D:4      | Reached skill level 5 in Fighting
  3193 | D:4      | Found a shimmering altar of Xom.
  3194 | D:4      | Found a hazy altar of Hepliaklqana.
  3195 | D:4      | Noticed a spectral ugly thing
  3262 | D:4      | Reached XP level 6. HP: 56/56 MP: 6/6
  3309 | D:4      | Noticed a black bear
  3318 | D:4      | Killed a black bear
  3743 | D:4      | Reached * piety under the Shining One
  4070 | D:5      | Entered Level 5 of the Dungeon
  4104 | D:5      | Reached skill level 5 in Axes
  4159 | D:5      | Reached skill level 5 in Shields
  4192 | D:5      | Reached skill level 5 in Armour
  4192 | D:5      | Reached XP level 7. HP: 47/61 MP: 7/7
  4381 | D:5      | Found a staircase to the Ecumenical Temple.
  4405 | Temple   | Entered the Ecumenical Temple
  4982 | D:5      | Reached XP level 8. HP: 71/71 MP: 8/8
  5070 | D:6      | Noticed Maggie
  5070 | D:6      | Paralysed by Maggie for 6 turns
  5083 | D:6      | Noticed Blork the orc
  5083 | D:6      | Noticed a yak
  5083 | D:6      | Noticed a yak
  5083 | D:6      | Noticed a yak
  5083 | D:6      | Noticed a yak
  5083 | D:6      | Noticed a yak
  5151 | D:7      | Killed a yak
  5168 | D:7      | Shot with an arrow by a centaur

Illustrated notes

Levels and vault maps discovered:
D:1:      amcnicky_arrival_flooded_fountain, layout_loops_cross, serial_shops,
          shop_coins, ebering_ecumenical_altar_abandoned, minmay_cupped
D:2:      layout_rooms, serial_shops, shop, uniq_natasha, uniq_robin
D:3:      layout_rooms, grunt_temple_overflow_open, tso_oasis_becter,
          chequers_mini_garden, uniq_jessica
D:4:      layout_layer_cave, regret_index_temple_of_mockery
D:5:      layout_loops_ring, minmay_temple_entry_statues_fountains,
          serial_bayou_lake_a
D:6:      layout_rooms, gammafunk_temple_overflow_forgotten,
          kennysheep_cross_bottleneck, minmay_strange_pillars,
          uniq_blork_the_orc, uniq_maggie
D:7:      layout_gridville, grunt_temple_overflow_magic_moments, enter_bailey_8,
          uniq_duvessa
Temple:   nicolae_temple_figure_zero

Skill      XL: |  1  2  3  4  5  6  7  8 |
---------------+-------------------------+-----
Axes           | 3 4 5 6 |  6.7
Fighting       | 4 5 6 |  6.8
Shields        | 4 5 6 |  6.2
Armour         | 4 5 6 |  6.1

Action                   |  1- 3 |  4- 6 |  7- 9 || total
-------------------------+-------+-------+-------++-------
Melee: War axe           |    84 |   152 |    53 ||   289
Throw: Dart              |       |     2 |     5 ||     7
       Throwing net      |       |     1 |       ||     1
  Use: Scroll            |     1 |     1 |     3 ||     5
       Potion            |       |     1 |       ||     1
Armor: Scale mail        |    41 |    86 |    31 ||   158
Dodge: Dodged            |    49 |    96 |    26 ||   171
Block: Buckler           |    26 |    44 |    22 ||    92

Table legend: (Time is in decaauts)
 A = Elapsed time spent in this place.
 B = Non-inter-level travel time spent in this place.
 C = Inter-level travel time spent in this place.
 D = Time resting spent in this place.
 E = Time spent auto-exploring this place.
 F = Levels seen in this place.
 G = Mean time per level.
                   A        B        C        D        E       F      G
               +--------+--------+--------+--------+--------+-----+--------+
         Total |   5293 |   5033 |    260 |    831 |   3375 |   8 |  661.6 |
       Dungeon |   5161 |   4911 |    250 |    831 |   3254 |   7 |  737.3 |
        Temple |    131 |    121 |     10 |      0 |    121 |   1 |  131.0 |
               +--------+--------+--------+--------+--------+-----+--------+

Top non-repeatable levels by time:
     D:1: 1627 daAuts
     D:4: 1067 daAuts
     D:2: 957 daAuts
     D:5: 915 daAuts
     D:3: 489 daAuts
  Temple: 131 daAuts
     D:7: 68 daAuts
     D:6: 36 daAuts
